Map: [TLMC19] Amphion

Players

Dark - Winner!

  • Race: Zerg Zerg
  • Spawn Location: 11:00

MaxPax

  • Race: Protoss Protoss
  • League: Master
  • Spawn Location: 7:00

VOD

Have the link to the VOD?

Description

Time

  • Played on: Dec. 22, 2023, 10:02 a.m.
  • Length: 25:14
Show
View Real Time Build Order
Export as new Build Order

Dark Zerg - Winner!

Build Orders: Hatch First, Lurkers, Swarm Host 

Get SALT Encoding   

  12  0:00  Drone  
  13  0:14  Overlord  
  13  0:18  Drone  
  14  0:33  Drone x2  
  16  0:50  Hatchery  
  16  0:53  Drone  
  16  0:56  Drone  
  17  1:00  Drone  
  18  1:10  Extractor  
  17  1:17  Spawning Pool  
  16  1:19  Drone  
  16  1:23  Drone  
  18  1:30  Drone  
  19  1:41  Drone  
  20  1:52  Drone  
  21  2:04  Queen x2  
  21  2:05  Drone x2  
  27  2:11  Metabolic Boost  
  27  2:14  Overlord  
  27  2:18  Drone  
  28  2:33  Hatchery  
  28  2:35  Drone  
  28  2:36  Drone  
  29  2:37  Zergling x2  
  29  2:39  Zergling x2  
  31  2:45  Queen  
  31  2:50  Overlord  
  33  2:53  Drone  
  33  2:57  Drone x2  
  36  3:10  Drone  
  37  3:13  Drone x3  
  37  3:14  Overlord  
  37  3:16  Queen  
  37  3:19  Drone x2  
  44  3:27  Overlord  
  44  3:32  Queen  
  46  3:39  Overlord  
  46  3:45  Zergling x2  
  46  3:46  Drone x7  
  54  3:54  Drone x3  
  54  3:57  Queen  
  54  4:00  Spore Crawler  
  54  4:02  Drone  
  56  4:09  Drone x2  
  57  4:18  Drone x3, Spore Crawler  
  57  4:22  Drone x3  
  62  4:24  Drone  
  63  4:32  Drone x3  
  63  4:34  Lair  
  63  4:37  Extractor x2  
  64  4:42  Drone x2  
  64  4:43  Drone x2  
  66  4:48  Overlord  
  66  4:50  Overlord x2  
  66  4:56  Overlord  
  66  4:57  Spore Crawler  
  66  4:59  Drone  
  66  5:02  Overlord  
  66  5:04  Roach Warren, Drone  
  66  5:05  Overlord  
  66  5:06  Queen  
  68  5:08  Drone x2  
  68  5:10  Drone  
  68  5:11  Zergling x2  
  68  5:12  Zergling x2  
  73  5:14  Zergling x2  
  73  5:15  Zergling x2  
  73  5:16  Drone  
  73  5:17  Drone  
  73  5:20  Drone  
  73  5:21  Drone  
  79  5:22  Drone  
  79  5:25  Drone  
  79  5:26  Drone x2  
  83  5:28  Drone  
  83  5:30  Zergling x4  
  83  5:32  Drone x2  
  87  5:37  Drone x2  
  87  5:39  Evolution Chamber  
  87  5:42  Drone, Extractor  
  89  5:45  Drone x3  
  89  5:46  Drone  
  89  5:47  Drone  
  93  5:52  Glial Reconstitution, Extractor  
  93  5:53  Drone x3, Extractor  
  93  5:54  Drone  
  95  6:01  Infestation Pit  
  95  6:02  Overlord  
  91  6:18  Drone  
  91  6:23  Roach x6  
  91  6:25  Zergling x14  
  111  6:27  Nydus Network  
  111  6:28  Zerg Missile Weapons Level 1  
  111  6:31  Hatchery  
  110  6:32  Zergling x2  
  110  6:33  Zergling x2  
  110  6:37  Roach x3  
  110  6:39  Zergling x2  
  118  6:45  Ravager x3  
  121  6:48  Drone  
  121  6:51  Overlord x3  
  121  6:52  Overlord x3  
  120  7:11  Swarm Host x7  
  120  7:12  Hatchery  
  140  7:21  Swarm Host x3  
  149  7:26  Swarm Host  
  152  7:34  Nydus Canal  
  152  7:42  Swarm Host x3  
  161  7:44  Zergling x2  
  161  7:45  Zergling x14  
  168  7:56  Overlord x4  
  168  8:02  Nydus Canal  
  168  8:06  Hive  
  168  8:12  Drone x2, Hydralisk Den  
  169  8:24  Drone x2  
  171  8:27  Roach  
  171  8:28  Roach x10  
  171  8:33  Nydus Canal  
  192  8:36  Zergling x10  
  192  8:37  Zerg Missile Weapons Level 2  
  197  8:43  Extractor  
  197  8:44  Lurker Den  
  197  8:47  Extractor  
  194  8:54  Spore Crawler  
  190  9:13  Drone x2  
  192  9:23  Hydralisk x3  
  198  9:25  Grooved Spines  
  197  9:31  Nydus Canal  
  191  9:42  Seismic Spines  
  181  10:00  Nydus Canal  
  177  10:10  Lurker x3, Hydralisk  
  177  10:11  Hydralisk x3  
  177  10:13  Drone x3  
  188  10:15  Muscular Augments  
  188  10:28  Hydralisk x4  
  184  10:33  Hydralisk x2  
  190  10:38  Lurker x3  
  190  10:39  Spore Crawler, Adaptive Talons  
  190  10:41  Spore Crawler, Drone  
  186  10:54  Hatchery, Lurker  
  186  10:55  Lurker x2  
  187  10:57  Overlord x3  
  187  11:02  Overlord, Zerg Missile Weapons Level 3  
  187  11:05  Overseer  
  187  11:10  Overlord, Lurker x4  
  191  11:16  Spine Crawler  
  188  11:18  Drone x2  
  188  11:19  Spine Crawler  
  188  11:20  Spore Crawler  
  188  11:21  Spore Crawler x2  
  188  11:23  Hydralisk x2  
  188  11:24  Hydralisk  
  191  11:26  Drone x6  
  191  11:27  Spine Crawler, Drone  
  191  11:28  Nydus Canal  
  191  11:29  Spine Crawler  
  190  11:43  Hydralisk  
  171  11:48  Drone x7  
  176  11:54  Lurker  
  176  11:56  Lurker, Hydralisk x5  
  188  12:06  Hydralisk x3  
  194  12:14  Lurker  
  194  12:15  Spore Crawler  
  192  12:29  Hydralisk x4  
  195  12:43  Hydralisk x6  
  191  13:02  Hydralisk x10  
  198  13:06  Drone x3  
  198  13:10  Hatchery  
  190  13:24  Nydus Canal  
  190  13:34  Lurker x4  
  190  13:35  Lurker x6  
  190  13:39  Zerg Ground Armor Level 1  
  200  13:42  Hatchery  
  200  13:46  Hatchery  
  198  13:56  Lurker  
  198  13:57  Lurker  
  198  14:02  Nydus Canal  
  200  14:23  Pneumatized Carapace  
  200  14:24  Nydus Canal  
  196  14:41  Nydus Canal  
  193  14:55  Viper x2  
  188  15:02  Hydralisk x4  
  188  15:04  Viper  
  188  15:06  Hydralisk x3  
  178  15:14  Hydralisk x2  
  173  15:22  Hydralisk x3  
  176  15:34  Hydralisk x3  
  182  15:37  Drone x3, Extractor x2  
  182  15:38  Drone x2  
  182  15:39  Drone, Spore Crawler, Hydralisk x2  
  182  15:40  Drone x2  
  182  15:41  Drone  
  192  15:43  Nydus Canal  
  192  15:53  Zerg Ground Armor Level 2  
  192  15:56  Spore Crawler  
  185  15:57  Spore Crawler  
  185  16:01  Viper  
  182  16:11  Drone  
  182  16:12  Drone x2  
  182  16:17  Hydralisk  
  182  16:18  Hydralisk x6  
  199  16:27  Lurker  
  199  16:31  Spore Crawler  
  199  16:33  Spore Crawler  
  199  16:36  Nydus Canal  
  198  16:48  Spore Crawler  
  198  16:53  Hydralisk x6  
  171  17:15  Hydralisk  
  171  17:16  Hydralisk x8  
  171  17:22  Hydralisk x2  
  168  17:30  Lurker x2  
  168  17:36  Hydralisk  
  158  17:45  Hydralisk  
  132  18:00  Hydralisk  
  132  18:01  Hydralisk  
  123  18:12  Hydralisk x2  
  107  18:37  Hydralisk x2  
  91  19:03  Roach x5  
  91  19:06  Burrow  
  90  19:33  Neural Parasite  
  90  19:41  Infestor x3  
  90  19:44  Infestor  
  98  19:53  Infestor  
  98  19:58  Infestor  
  99  20:13  Infestor  
  101  20:34  Infestor  
  101  20:35  Infestor  
  99  20:40  Infestor  
  101  20:47  Infestor x5  
  101  20:48  Infestor  
  101  20:49  Infestor  
  85  20:57  Infestor x2  
  54  21:40  Infestor  
  54  21:42  Queen  
  48  21:50  Hatchery  
  43  22:13  Hatchery  
  42  22:17  Infestor, Queen  
  42  22:20  Drone x16  
  37  22:41  Drone x14  
  37  23:05  Roach  
  37  23:07  Drone  
  38  23:16  Drone x3  
  41  23:32  Drone x2  
  43  23:44  Spawning Pool  
  42  23:59  Drone  
  42  24:00  Drone x2  
  45  24:05  Drone  
  40  24:36  Queen  
  40  24:37  Queen  
Show
View Real Time Build Order
Export as new Build Order

MaxPax Protoss 

Build Orders: 1 Gate Expand, Oracle Opening, Carriers 

Get SALT Encoding   

  12  0:00  Probe  
  13  0:13  Probe  
  14  0:21  Pylon  
  14  0:25  Probe  
  15  0:39  Probe (Chrono Boost)  
  15  0:42  Gateway  
  16  0:48  Assimilator, Probe (Chrono Boost)  
  17  0:53  Probe (Chrono Boost)  
  18  1:05  Probe  
  19  1:17  Probe  
  20  1:25  Nexus  
  20  1:35  Cybernetics Core  
  20  1:37  Probe  
  21  1:43  Assimilator  
  21  1:50  Probe  
  21  1:53  Pylon  
  22  2:02  Probe  
  23  2:08  Adept (Chrono Boost)  
  23  2:14  Probe  
  26  2:16  Stargate  
  26  2:26  Probe  
  26  2:27  Warp Gate  
  27  2:32  Stalker  
  29  2:37  Probe (Chrono Boost)  
  29  2:41  Probe (Chrono Boost)  
  31  2:48  Probe (Chrono Boost)  
  31  2:50  Probe (Chrono Boost)  
  33  2:55  Probe (Chrono Boost)  
  33  2:56  Probe (Chrono Boost)  
  35  2:59  Oracle (Chrono Boost)  
  35  3:04  Pylon, Probe  
  39  3:07  Probe  
  40  3:15  Adept  
  40  3:16  Probe  
  44  3:20  Probe  
  44  3:22  Gateway  
  44  3:28  Probe  
  44  3:32  Probe  
  44  3:33  Oracle  
  49  3:40  Probe  
  50  3:46  Probe  
  51  3:55  Nexus, Probe  
  51  3:57  Pylon  
  51  3:58  Probe  
  53  4:07  Probe  
  54  4:10  Assimilator  
  54  4:11  Assimilator  
  54  4:16  Oracle, Probe  
  58  4:20  Probe  
  58  4:22  Twilight Council  
  59  4:24  Pylon  
  59  4:28  Probe  
  60  4:36  Probe  
  61  4:40  Probe  
  62  4:46  Gateway  
  62  4:48  Adept x2, Probe  
  62  4:49  Gateway  
  67  4:53  Pylon  
  67  4:55  Forge, Probe  
  67  4:58  Blink (Chrono Boost)  
  68  5:01  Probe (Chrono Boost)  
  69  5:10  Probe (Chrono Boost)  
  69  5:11  Shield Battery, Probe (Chrono Boost)  
  72  5:14  Probe (Chrono Boost)  
  72  5:18  Stalker  
  72  5:20  Stalker, Probe (Chrono Boost)  
  78  5:23  Probe (Chrono Boost)  
  78  5:24  Probe (Chrono Boost)  
  78  5:26  Probe (Chrono Boost)  
  80  5:28  Probe (Chrono Boost)  
  81  5:36  Probe  
  81  5:37  Probe  
  81  5:40  Protoss Ground Weapons Level 1 (Chrono Boost)  
  81  5:41  Probe  
  84  5:46  Stalker x2  
  84  5:48  Probe  
  84  5:49  Gateway, Probe  
  90  5:50  Gateway  
  90  5:53  Probe  
  90  5:55  Pylon  
  91  5:58  Robotics Facility  
  91  6:01  Stalker  
  93  6:04  Pylon  
  93  6:05  Pylon  
  93  6:18  Stalker x3  
  99  6:20  Nexus  
  99  6:24  Shield Battery  
  99  6:27  Stalker  
  99  6:30  Probe  
  99  6:32  Forge, Photon Cannon  
  102  6:40  Pylon  
  102  6:41  Stalker x3  
  102  6:42  Probe  
  102  6:43  Probe  
  110  6:47  Probe  
  110  6:49  Charge, Pylon  
  110  6:53  Observer  
  112  6:55  Probe  
  112  6:56  Stalker x2  
  112  6:58  Probe  
  112  7:00  Pylon  
  118  7:02  Probe  
  119  7:12  Stalker x4, Probe  
  124  7:16  Robotics Bay  
  124  7:17  Warp Prism (Chrono Boost)  
  126  7:25  Probe  
  126  7:29  Stalker x2  
  131  7:30  Probe  
  131  7:31  Probe  
  131  7:35  Probe  
  134  7:38  Gateway  
  134  7:39  Gateway  
  134  7:42  Probe  
  133  7:51  Stalker x5  
  133  7:55  Pylon  
  133  7:57  Photon Cannon  
  143  7:59  Pylon  
  143  8:02  Stalker  
  145  8:16  Protoss Ground Weapons Level 2  
  145  8:18  Zealot x5, Forge  
  152  8:25  Shield Battery, Photon Cannon  
  152  8:26  Pylon  
  152  8:27  Probe  
  152  8:30  Colossus (Chrono Boost)  
  159  8:36  Zealot x2  
  163  8:50  Pylon  
  163  8:52  Stalker x4  
  163  8:53  Protoss Ground Armor Level 1  
  167  8:55  Pylon  
  165  9:06  Extended Thermal Lance, Probe  
  165  9:07  Probe x2  
  165  9:08  Assimilator x2  
  152  9:10  Zealot x4  
  160  9:19  Probe x2, Colossus (Chrono Boost)  
  160  9:23  Zealot x4, Photon Cannon  
  174  9:25  Photon Cannon  
  174  9:37  Zealot x4  
  178  9:45  Zealot x4  
  185  9:55  Photon Cannon  
  167  10:02  Stalker x4, Colossus (Chrono Boost)  
  179  10:17  Stalker x4  
  187  10:28  Photon Cannon  
  185  10:31  Gateway, Pylon  
  185  10:33  Gateway  
  181  10:38  Zealot x3  
  187  10:49  Warp Prism (Chrono Boost)  
  189  10:50  Pylon x2, Photon Cannon  
  189  10:51  Photon Cannon  
  189  10:53  Gateway, Pylon  
  181  10:57  Gateway  
  181  11:01  Stalker x7, Pylon  
  191  11:11  Protoss Ground Weapons Level 3, Protoss Ground Armor Level 2  
  187  11:12  Probe x2  
  187  11:16  Pylon  
  187  11:17  Nexus  
  187  11:18  Probe x2  
  191  11:19  Assimilator x2  
  191  11:31  Zealot x4  
  197  11:42  Stalker  
  194  11:55  Stargate  
  194  11:56  Zealot  
  194  11:57  Stargate  
  194  11:58  Photon Cannon  
  194  12:00  Zealot x7, Fleet Beacon  
  188  12:29  Zealot x10  
  174  12:46  Zealot x2  
  174  12:50  Zealot x10  
  182  13:00  Tempest (Chrono Boost)  
  182  13:04  Tempest (Chrono Boost)  
  192  13:07  Tempest (Chrono Boost)  
  192  13:10  Probe  
  192  13:11  Probe  
  192  13:12  Protoss Air Weapons Level 1 (Chrono Boost), Pylon  
  191  13:13  Probe  
  191  13:15  Assimilator  
  191  13:18  Assimilator  
  188  13:24  Probe x2  
  182  13:41  Observer  
  182  13:46  Carrier (Chrono Boost)  
  200  13:51  Carrier (Chrono Boost)  
  198  13:55  Photon Cannon  
  198  13:57  Photon Cannon  
  198  13:58  Carrier (Chrono Boost)  
  198  14:02  Observer  
  199  14:06  Templar Archives  
  199  14:24  Observer  
  200  14:26  Shield Battery  
  200  14:27  Photon Cannon  
  200  14:28  Photon Cannon  
  188  14:44  Carrier (Chrono Boost)  
  185  14:57  Carrier (Chrono Boost)  
  173  15:02  Zealot x3  
  173  15:03  Zealot  
  156  15:10  Carrier (Chrono Boost)  
  141  15:30  High Templar x10  
  161  15:36  Archon x5  
  161  15:40  Protoss Air Weapons Level 2 (Chrono Boost)  
  163  16:22  High Templar x6  
  175  16:26  Archon x3  
  175  16:29  Zealot  
  171  16:40  Zealot x3  
  171  17:01  Carrier (Chrono Boost)  
  169  17:08  Carrier (Chrono Boost)  
  145  17:30  Templar Archives  
  130  17:52  Observer  
  90  18:17  Observer  
  91  18:23  High Templar x3  
  97  18:29  High Templar  
  97  18:32  Archon  
  97  18:33  Archon  
  73  19:14  Observer  
  61  20:40  Nexus  
  24  21:48  Oracle (Chrono Boost)  
  24  22:33  Void Ray (Chrono Boost)  
Tags
 
Add a new tag
Caveats
  • Supply blocks, unpowered buildings, or Contaminate may cause inaccurate times.
  • Supply counts are checked every 10 seconds.